 Dungeon Sprint DCSS version 0.28-a0-533-g9f97627e2a (webtiles) character file.

Game seed: 6851446743715764375

4413 Conn the Scorcher (level 10, -6/63 HPs)
             Began as an Octopode Fire Elementalist on Sept 26, 2021.
             Was a Priest of Sif Muna.
             Mangled by an ice dragon (14 damage)
             ... in the Dungeon (Sprint II: "The Violet Keep of Menkaure").
             The game lasted 00:19:59 (829 turns).

Conn the Scorcher (Octopode Fire Elementalist)       Turns: 829, Time: 00:20:00

Health: -6/63      AC:  1    Str:  8    XL:     10   Next: 36%
Magic:  0/25       EV: 16    Int: 20    God:    Sif Muna [***...]
Gold:   46         SH:  0    Dex: 13    Spells: 16/31 levels left

rFire   . . .      SeeInvis .   c - +1 quick blade "Giantbane" {drain, rPois}
rCold   . . .      Faith    .   (no shield)
rNeg    . . .      Spirit   .   (helmet restricted)
rPois   +          Reflect  .   (no amulet)
rElec   .          Harm     .   (no ring)
rCorr   .          Rampage  .   (no ring)
Will    .....      NoTele   +   (no ring)
Stlth   +++++.....              (no ring)
HPRegen 0.20/turn               (no ring)
MPRegen 0.19/turn               (no ring)
                                (no ring)
                                (no ring)

@: no status effects
A: almost no armour, amphibious, 8 rings, camouflage 1, gelatinous body 1,
(nimble swimmer 1), tentacles
a: Renounce Religion, Channel Magic, Forget Spell


You were in the Dungeon.
You worshipped Sif Muna.
Sif Muna was most pleased with you.
You visited 1 branch You collected 742 gold pieces.
You spent 696 gold pieces at shops.

Inventory:

Hand Weapons
 c - the +1 quick blade "Giantbane" (weapon) {drain, rPois}
   (You bought it in a shop in the Dungeon)

   A truly terrible weapon, it drains the life of any living foe it strikes.
   rPois:     It protects you from poison.


   Skills:
 + Level 3.1 Fighting
 + Level 8.2 Dodging
 + Level 10.3 Stealth
 - Level 1.5 Unarmed Combat
 + Level 11.0 Spellcasting
 + Level 5.2 Conjurations
 + Level 5.0 Hexes
 - Level 6.0 Translocations
 + Level 15.4 Fire Magic


You had 16 spell levels left.
You knew the following spells:

 Your Spells              Type           Power      Damage    Failure   Level
a - Foxfire               Conj/Fire      100%       2x1d9     1%          1
b - Conjure Flame         Conj/Fire      51%        6-21      1%          3
c - Inner Flame           Hex/Fire       51%        N/A       1%          3
d - Flame Wave            Conj/Fire      51%        3d10      1%          4
e - Scorch                Fire           100%       2d10      0%          2
f - Blink                 Tloc           N/A        N/A       1%          2

Your spell library contained the following spells:

 Spells                   Type           Power      Damage    Failure   Level
 Lesser Beckoning         Tloc           35%        N/A       1%          3
 Manifold Assault         Tloc           35%        N/A       14%         5


Dungeon Overview and Level Annotations

Branches:
Dungeon (1/1)

Altars:
Cheibriados
Dithmenos
Elyvilon
Fedhas
Gozag
Hepliaklqana
Kikubaaqudgha
Makhleb
Nemelex Xobeh
Okawaru
Qazlal
Ru
Sif Muna
Trog
Uskayaw
Vehumet
Wu Jian
Xom
Yredelemnul
Zin
The Shining One
Beogh
Jiyva
Lugonu

Shops:
D [::[*?:!=(=!([(

Annotations:
D exclusion: oklob plant


Innate Abilities, Weirdness & Mutations

You cannot wear most types of armour.
You are amphibious.
You can wear up to eight rings at the same time.
Your skin changes colour to match your surroundings (Stealth+).
Your rubbery body absorbs attacks. (AC +1, EV +1)
((You are camouflaged near water. (Stealth+)))
You have tentacles for arms and can constrict up to eight enemies at once.


Message History

Confirm with . or Enter, or press ? or * to list all spells.
You blink.
The hornet buzzes angrily.
You hear an angry growl.
Casting: Blink (safe; 1% risk of failure)
Confirm with . or Enter, or press ? or * to list all spells.
Okay, then.
Casting: Blink (safe; 1% risk of failure)
Confirm with . or Enter, or press ? or * to list all spells.
Okay, then.
Unknown command.
Press: ? - help, v - describe, . - travel
Here: an ice dragon (heavily wounded, inner flame, more vulnerable to fire)
The floor.
Unknown command.
Unknown command.
Unknown command.
Casting: Blink (safe; 1% risk of failure)
Confirm with . or Enter, or press ? or * to list all spells.
You conjure some foxfire!
The ice dragon is no longer more vulnerable to fire.
Casting: Foxfire (safe; 1% risk of failure)
Confirm with . or Enter, or press ? or * to list all spells.
You conjure some foxfire!
The foxfire hits the hornet.
The hornet is lightly wounded.
The foxfire hits the ice dragon but does no damage.
The ice dragon is heavily wounded.
Okay, then.
You feel better.
The foxfire hits the hornet.
The hornet is moderately wounded.
The foxfire hits the ice dragon but does no damage.
The ice dragon is heavily wounded.
The hornet stings you. The hornet barely misses you.
The ice dragon breathes frost at you. The blast of cold hits you!!!
Ouch! That really hurt!
* * * LOW HITPOINT WARNING * * *
You feel better. The hornet barely misses you. The ice dragon bites you.
* * * LOW HITPOINT WARNING * * *
The ice dragon barely misses you. The ice dragon tramples you!
You die...

##..##..# #..# h#▓(??[((
.'.##'..####..##.#▓$(((?!)
##.#§#....###...##▓▓▓▓▓▓▓+
###.##......≈≈≈≈≈≈≈≈≈≈≈≈≈
.####≈≈.....≈#'########+###
..#≈§§≈≈≈≈.§≈#.._.....#≈≈§##
.##≈))≈§≈≈≈.≈#._._....#§§§≈##
##≈≈§§≈≈≈§≈≈≈#_.y._...#≈≈≈≈§#
≈≈≈≈≈≈≈≈≈≈§≈≈#._@_._..#S≈≈§≈§
+++#≈≈≈≈≈§≈≈≈#_§_D_)_.#S≈§≈≈§
≈≈ ##≈≈≈###§≈#._._._._#≈≈≈≈§S
≈≈≈≈##≈≈# #≈≈#_._._._.#≈≈≈≈≈≈
≈≈≈;≈+§§# #≈§#..._._._#§≈≈§▓
≈;;§##§§≈§§§§##########§≈≈≈▓z
≈§≈## #######≈≈≈≈≈≈≈≈≈§≈≈≈▓z
#### ≈≈≈.###≈########≈▓▓▓▓▓
≈§≈≈##≈ ▓▓


You could see an ice dragon (inner flame, catching breath), a hornet and 2 water
moccasins.

Vanquished Creatures
  Kirke (D)
  A boulder beetle (D)
  A centaur warrior (D)
  A skeletal warrior (D)
  An elephant (D)
  A merfolk siren (D)
  A yaktaur (D)
  A kobold demonologist (D)
  A polar bear (D)
  2 wyverns (D)
  4 neqoxecs (D)
  2 water moccasins (D)
  A scorpion (D)
18 creatures vanquished.

Vanquished Creatures (others)
  Menkaure (D)
  69 foxfires (D)
70 creatures vanquished.

Grand Total: 88 creatures vanquished

Notes
Turn   | Place    | Note
-------+----------+-------------------------------------------
     0 | D        | Conn the Octopode Fire Elementalist began the quest for the
                  | Orb.
     0 | D        | Reached XP level 1. HP: 11/11 MP: 3/3
     1 | D        | Noticed a boulder beetle
     1 | D        | Noticed a boulder beetle
     5 | D        | Noticed a neqoxec
     5 | D        | Noticed a neqoxec
     5 | D        | Noticed a neqoxec
     5 | D        | Noticed a neqoxec
    12 | D        | Killed a neqoxec
    13 | D        | Reached skill level 1 in Unarmed Combat
    13 | D        | Reached skill level 7 in Fire Magic
    13 | D        | Reached XP level 2. HP: 13/17 MP: 4/7
    13 | D        | Reached XP level 3. HP: 16/21 MP: 4/8
    13 | D        | Reached XP level 4. HP: 21/27 MP: 5/10
    13 | D        | Reached XP level 5. HP: 24/31 MP: 5/11
    20 | D        | Killed a neqoxec
    21 | D        | Reached skill level 5 in Stealth
    21 | D        | Reached skill level 5 in Spellcasting
    21 | D        | Reached skill level 9 in Fire Magic
    21 | D        | Reached XP level 6. HP: 28/37 MP: 5/13
    24 | D        | Killed Menkaure
    25 | D        | Killed a neqoxec
    26 | D        | Reached skill level 1 in Fighting
    26 | D        | Reached skill level 5 in Dodging
    26 | D        | Reached skill level 10 in Fire Magic
    28 | D        | Killed a neqoxec
    29 | D        | Reached skill level 11 in Fire Magic
    29 | D        | Reached XP level 7. HP: 21/43 MP: 6/16
    48 | D        | Learned a level 3 spell: Conjure Flame
    52 | D        | Learned a level 3 spell: Inner Flame
    57 | D        | Learned a level 4 spell: Flame Wave
    60 | D        | Learned a level 2 spell: Scorch
    72 | D        | Found a stormy altar of Qazlal.
    72 | D        | Found an ornate altar of the Wu Jian Council.
    73 | D        | Found a hazy altar of Hepliaklqana.
    73 | D        | Found a sacrificial altar of Ru.
    73 | D        | Found a shimmering altar of Xom.
    74 | D        | Found a viscous altar of Jiyva.
    74 | D        | Found a shimmering blue altar of Sif Muna.
    75 | D        | Found a snail-covered altar of Cheibriados.
    75 | D        | Found an ancient bone altar of Kikubaaqudgha.
    75 | D        | Found a bloodstained altar of Trog.
    75 | D        | Found a glowing golden altar of the Shining One.
    75 | D        | Found a basalt altar of Yredelemnul.
    76 | D        | Found a shadowy altar of Dithmenos.
    76 | D        | Found a corrupted altar of Lugonu.
    76 | D        | Found a hide-covered altar of Uskayaw.
    77 | D        | Found a white marble altar of Elyvilon.
    77 | D        | Found a burning altar of Makhleb.
    78 | D        | Found a blossoming altar of Fedhas.
    80 | D        | Found an opulent altar of Gozag.
    80 | D        | Found a sparkling altar of Nemelex Xobeh.
    81 | D        | Found a glowing silver altar of Zin.
    81 | D        | Found a radiant altar of Vehumet.
    81 | D        | Found an iron altar of Okawaru.
    86 | D        | Became a worshipper of Sif Muna the Loreminder
   197 | D        | Noticed a merfolk siren
   204 | D        | Killed a merfolk siren
   205 | D        | Reached skill level 12 in Fire Magic
   205 | D        | Reached XP level 8. HP: 32/50 MP: 11/18
   261 | D        | Found Kioxy's Jewellery Shop.
   261 | D        | Found Wumumib's Antique Weapon Shop.
   262 | D        | Found Tonaob's Jewellery Boutique.
   262 | D        | Found Beqagh's Antique Weapon Boutique.
   264 | D        | Found Wangeh's Distillery.
   264 | D        | Found Jetz's Antique Weapon Shop.
   264 | D        | Found Bafeavee's Book Shop.
   268 | D        | Found Sepninun's Magic Scroll Shop.
   268 | D        | Found Neneimoi's Assorted Antiques.
   268 | D        | Found Mulihar's Antique Armour Boutique.
   268 | D        | Noticed a fire dragon
   269 | D        | Found Yniqin's Distillery.
   271 | D        | Noticed a wyvern
   277 | D        | Reached * piety under Sif Muna
   318 | D        | Noticed a wyvern
   318 | D        | Noticed a wyvern
   321 | D        | Killed a wyvern
   322 | D        | Reached skill level 1 in Hexes
   322 | D        | Reached skill level 13 in Fire Magic
   322 | D        | Killed a wyvern
   341 | D        | Noticed a wyvern
   342 | D        | Found Muasoc's Antique Armour Shop.
   342 | D        | Noticed an oklob plant
   343 | D        | Found Gunliero's Book Shop.
   343 | D        | Found Loffuy's Antique Armour Boutique.
   343 | D        | Found Ygeegh's Book Shoppe.
   343 | D        | Noticed a wyvern
   352 | D        | Noticed a redback
   370 | D        | Bought a book of Spatial Translocations for 260 gold pieces
   374 | D        | Learned a level 2 spell: Blink
   386 | D        | Bought a jewelled quick blade for 340 gold pieces
   386 | D        | Identified the +1 quick blade "Giantbane" {drain, rPois}
                  | (You bought it in a shop in the Dungeon)
   393 | D        | Bought a potion of heal wounds for 60 gold pieces
   393 | D        | Bought a potion of curing for 36 gold pieces
   404 | D        | Noticed a centaur warrior
   404 | D        | Noticed Kirke
   404 | D        | Noticed a skeletal warrior
   406 | D        | Noticed an elephant
   407 | D        | Noticed a kobold demonologist
   417 | D        | Noticed a lindwurm
   417 | D        | Killed Kirke
   417 | D        | Reached ** piety under Sif Muna
   418 | D        | Reached skill level 14 in Fire Magic
   418 | D        | Reached XP level 9. HP: 37/55 MP: 2/22
   420 | D        | Noticed a rust devil
   422 | D        | Killed a kobold demonologist
   438 | D        | Killed a skeletal warrior
   438 | D        | Killed a centaur warrior
   439 | D        | Reached skill level 5 in Translocations
   439 | D        | Reached skill level 15 in Fire Magic
   439 | D        | Reached XP level 10. HP: 11/63 MP: 18/23
   443 | D        | Killed an elephant
   443 | D        | Reached *** piety under Sif Muna
   747 | D        | Noticed a death drake
   755 | D        | Noticed a death drake
   756 | D        | Noticed an ice dragon
   777 | D        | Reached skill level 10 in Stealth
   777 | D        | Reached skill level 10 in Spellcasting
   778 | D        | Killed a boulder beetle
   779 | D        | Reached skill level 5 in Conjurations
   781 | D        | Reached skill level 5 in Hexes
   828 | D        | HP: 2/63 [ice dragon/blast of cold (39)]
   829 | D        | Mangled by an ice dragon

Illustrated notes

Levels and vault maps discovered:
D:        the_violet_keep_of_menkaure [sprint2_stairs_cluster_1,
          sprint2_shoproom, sprint2_temple, sprint2_basic_supplies,
          sprint2_obstacle_7, sprint2_obstacle_6, sprint2_obstacle_5,
          sprint2_obstacle_2, sprint2_obstacle_1, sprint2_timed_cluster_1,
          sprint2_smallroom_cluster_1, sprint2_smallroom_final_cluster_1,
          sprint2_transparent_cluster_1, sprint2_second_timed_cluster_1,
          sprint2_sniper_area_1, sprint2_heavy_combat_area_1,
          sprint2_mutation_trap_area_1, sprint2_forest_area_1,
          sprint2_light_combat_area_1, sprint2_behind_water_1,
          sprint2_near_end_vault_1]

Skill      XL: |  1  2  3  4  5  6  7  8  9 10 |
---------------+-------------------------------+-----
Dodging        | 3 4 5 6 7 8 |  8.2
Stealth        | 4 5 6 7 9 10 | 10.3
Unarmed Combat | 1 |  1.5
Spellcasting   | 4 5 6 7 9 11 | 11.0
Fire Magic     | 7 9 11 12 14 15 | 15.4
Fighting       | 1 2 3 |  3.1
Conjurations   | 2 3 4 5 |  5.2
Hexes          | 3 4 5 |  5.0
Translocations | 4 5 6 |  6.0

Action                   |  1- 3 |  4- 6 |  7- 9 | 10-12 || total
-------------------------+-------+-------+-------+-------++-------
Melee: Unarmed           |     5 |    16 |       |       ||    21
       Constrict         |     1 |     3 |       |       ||     4
       Tentacles         |       |     1 |       |       ||     1
       Quick blade       |       |       |     1 |       ||     1
 Cast: Foxfire           |       |       |    15 |    24 ||    39
       Inner Flame       |       |       |     7 |     6 ||    13
       Flame Wave        |       |       |     2 |     1 ||     3
       Scorch            |       |       |     1 |     2 ||     3
       Conjure Flame     |       |       |     1 |       ||     1
       Blink             |       |       |       |     8 ||     8
  Use: Potion            |     2 |       |     2 |     4 ||     8
       Scroll            |       |       |       |     1 ||     1
Armor: Skin              |     1 |     1 |     1 |       ||     3
Dodge: Dodged            |     2 |     3 |     6 |     3 ||    14

Table legend: (Time is in decaauts)
 A = Elapsed time spent in this place.
 B = Non-inter-level travel time spent in this place.
 C = Inter-level travel time spent in this place.
 D = Time resting spent in this place.
 E = Time spent auto-exploring this place.
 F = Levels seen in this place.
 G = Mean time per level.
                   A        B        C        D        E       F      G
               +--------+--------+--------+--------+--------+-----+--------+
         Total |    816 |    816 |      0 |    407 |      0 |   1 |  816.0 |
       Dungeon |    816 |    816 |      0 |    407 |      0 |   1 |  816.0 |
               +--------+--------+--------+--------+--------+-----+--------+

Top non-repeatable levels by time:
       D: 816 daAuts
